 Dungeon Crawl Stone Soup version 0.21-a0-286-g6fcecc0 (webtiles) character file.

35 seren the Caller (level 3, 23/24 HPs)
             Began as a Mummy Summoner on Sept 26, 2017.
             Was a Follower of Nemelex Xobeh.
             Safely got out of the dungeon.
             The game lasted 00:07:43 (1925 turns).

seren the Caller (Mummy Summoner)                   Turns: 1925, Time: 00:07:44

Health: 23/24      AC:  3    Str: 11    XL:     3   Next: 17%
Magic:  7/7        EV: 12    Int: 15    God:    Nemelex Xobeh [*.....]
Gold:   42         SH:  0    Dex: 12    Spells: 5/8 levels left

rFire    x . .     SeeInvis +   c - +0 dagger
rCold    + . .     Gourm    .   (no shield)
rNeg     + + +     Faith    .   a - +0 robe
rPois    ∞         Spirit   .   (no helmet)
rElec    .         Reflect  .   (no cloak)
rCorr    .         Harm     .   f - +0 pair of gloves
MR       .....                  (no boots)
Stlth    ++........             (no amulet)
HPRegen  0.08/turn              d - ring of see invisible
MPRegen  0.10/turn              (no ring)

@: no status effects
A: no food or potions, fire vulnerability, cold resistance 1, negative energy
resistance 3, torment resistance, unbreathing
a: Renounce Religion


You escaped.
You worshipped Nemelex Xobeh.
Nemelex Xobeh was aware of your devotion.
You were not hungry.

You visited 1 branch of the dungeon, and saw 2 of its levels.

You collected 42 gold pieces.

Inventory:

Hand Weapons
 c - a +0 dagger (weapon)
Missiles
 g - 13 stones (quivered)
Armour
 a - a +0 robe (worn)
 f - a +0 pair of gloves (worn)
 i - a +3 ring mail
Jewellery
 d - a ring of see invisible (left hand)
Scrolls
 e - 3 scrolls of identify {unknown}
 h - a scroll of teleportation {unknown}
 j - a scroll of fear {unknown}
Books
 b - a book of Callings

   Spells                             Type                      Level
   a - Summon Small Mammal            Summoning                    1
   b - Call Imp                       Summoning                    2
   c - Call Canine Familiar           Summoning                    3
   d - Summon Guardian Golem          Hexes/Summoning              3
   e - Summon Lightning Spire         Summoning/Air                4
   f - Summon Ice Beast               Ice/Summoning                4
Miscellaneous
 k - a legendary deck of summoning
 l - a plain deck of summoning


   Skills:
 - Level 1.5 Dodging
 + Level 1.8 Stealth
 - Level 3.0 Spellcasting
 * Level 4.0 Summonings


You had 5 spell levels left.
You knew the following spells:

 Your Spells              Type           Power        Failure   Level  Hunger
a - Summon Small Mammal   Summ           ##..         3%          1    N/A
b - Call Imp              Summ           ##......     6%          2    N/A

Dungeon Overview and Level Annotations

Branches:
Dungeon (2/15)

Altars:
Nemelex Xobeh


Innate Abilities, Weirdness & Mutations

You do not eat or drink.
Your flesh is vulnerable to fire.
You are immune to poison.
Your flesh is cold resistant. (rC+)
You are immune to negative energy. (rN+++)
You are immune to unholy pain and torment.
You can survive without breathing.


Message History

The dart slug bites your white imp.
Your white imp hits the dart slug.
The dart slug dies!
(D) Dungeon
Where to? (Enter - D:1 @ (x,y), ? - help)
Okay, then.
(D) Dungeon
Where to? (Enter - D:1 @ (x,y), ? - help)
Okay, then.
Unknown command.
There is a stone staircase leading up here.
Your white imp disappears in a puff of smoke!
You climb upwards.
Your summoned ally is left behind.
There is a stone staircase leading down here.
Magic restored.
You see here a club.
There is an open door here.
There is a staircase leading out of the dungeon here.
Are you sure you want to leave the Dungeon?
This will make you lose the game!
You have escaped!

##..♣......♣..####'#...%#.#...#
.............###.#....8.#.#...#
###...♣..♣...#
#.#..#.........### ##........##
#.'.####......)... ##.....###
#.#..#.........### #...###
#.#....8.#.#...# #...#
###'#....#.#...# #####...#####
#...#..###.#..## #.....).....##
#@..#......#..#
.............##############..#
#............##.# #..# #...(.#
#####...####.##.###..# #.....#
#.%.....##.##......# #######
#.#...#.##.####..###
##.#...#.##.##......# ######
#...........##.#..#.# #.....
##.#######...##.#..#.# #.####


There were no monsters in sight!

Vanquished Creatures
  A dart slug (D:2)
  A bat (D:2)
  A giant cockroach (D:1)
  A goblin (D:1)
  A hobgoblin (D:1)
  2 frilled lizards
  3 rats (D:1)
10 creatures vanquished.

Vanquished Creatures (collateral kills)
  An adder (D:1)
  3 worms (D:2)
  A dart slug (D:2)
  A giant cockroach (D:2)
  3 goblins (D:2)
  2 hobgoblins
  4 jackals
  2 bats (D:2)
  A kobold (D:1)
  A rat (D:1)
19 creatures vanquished.

Grand Total: 29 creatures vanquished

Notes
Turn   | Place    | Note
-------+----------+-------------------------------------------
     0 | D:1      | seren the Mummy Summoner began the quest for the Orb.
     0 | D:1      | Reached XP level 1. HP: 13/13 MP: 4/4
   833 | D:2      | Reached XP level 2. HP: 9/19 MP: 4/6
  1177 | D:1      | Learned a level 2 spell: Call Imp
  1480 | D:2      | Found a faded altar of an unknown god.
  1694 | D:2      | Reached XP level 3. HP: 24/24 MP: 7/7
  1789 | D:2      | Reached skill level 4 in Summonings
  1793 | D:2      | Became a worshipper of Nemelex Xobeh the Trickster
  1793 | D:2      | Received a gift from Nemelex Xobeh
  1793 | D:2      | Received a gift from Nemelex Xobeh
  1793 | D:2      | Reached * piety under Nemelex Xobeh
  1925 | D:$      | Safely got out of the dungeon.

Vault maps used:
D:1:      dpeg_arrival_court, minmay_misc_feat_plants
D:2:      chequers_ecumenical_altar_simple

Skill      XL: |  1  2  3 |
---------------+----------+-----
Spellcasting   | 3 |  3.0
Summonings     | 4 |  4.0
Dodging        | |  1.5
Stealth        | |  1.8

Action                   || total
-------------------------++-------
Melee: Dagger            ||    62
Throw: Stone             ||     1
 Cast: Summon Small Mamm ||    17
       Call Imp          ||    14
 Stab: Sleeping          ||     1
       Distracted        ||     1
Armor: Robe              ||    14
Dodge: Dodged            ||    60

Table legend:
 A = Spawn XP
 B = Non-spawn XP
 C = Spawn XP percentage of total XP
 D = Spawn monster count
 E = Non-spawn monster count
 F = Spawn count percentage of total count
 G = Total turns spent on level
                    A         B        C        D         E        F      G
               +---------+---------+-------+---------+---------+-------+---------
         Total |       0 |      51 |   0.0 |       0 |      29 |   0.0 |  1925
               +---------+---------+-------+---------+---------+-------+---------
           D:1 |       0 |      23 |   0.0 |       0 |      12 |   0.0 |  1483
           D:2 |       0 |      28 |   0.0 |       0 |      17 |   0.0 |   442
               +---------+---------+-------+---------+---------+-------+---------
